 Dungeon Crawl Stone Soup version 0.24-a0-132-ge4b1dce (console) character file.

Game seed: 12330594754794953012

1186 Duffy the Cleaver (level 8, -2/100 HPs)
             Began as a Naga Gladiator on Feb 27, 2019.
             Slain by an orc
             ... wielding a +0 falchion
              (4 damage)
             ... on level 5 of the Dungeon.
             The game lasted 00:08:47 (6206 turns).

Duffy the Cleaver (Naga Gladiator)                  Turns: 6206, Time: 00:08:47

Health: -2/100     AC:  5    Str: 24    XL:     8   Next: 42%
Magic:  10/10      EV:  7    Int: 11    God:
Gold:   108        SH:  8    Dex: 13    Spells: 7/7 levels left

rFire    . . .     SeeInvis +   a - +0 war axe
rCold    . . .     Gourm    .   s - +0 shield
rNeg     . . .     Faith    .   h - +0 leather armour
rPois    +         Spirit   .   c - +0 helmet
rElec    .         Reflect  .   (no cloak)
rCorr    .         Harm     .   (no gloves)
MR       +....                  (no barding)
Stlth    ..........             v - amulet of rage
HPRegen  0.26/turn              n - +3 ring of strength
MPRegen  0.12/turn              (no ring)

@: berserking, quick
A: large, see invisible, deformed body, poison resistance, slowness 2, slow
metabolism 1, spit poison 1, AC +2
a: Spit Poison, Evoke Berserk Rage


You were on level 5 of the Dungeon.
You were full.

You visited 1 branch of the dungeon, and saw 5 of its levels.

You collected 108 gold pieces.

Inventory:

Hand Weapons
 a - a +0 war axe (weapon)
 b - the +7 whip "Zatredi" {chaos, SInv}
   (You found it on level 4 of the Dungeon)

   Each time it hits an enemy it has a different, random effect.
   It lets you see invisible.
 y - a +2 dagger of venom
Missiles
 d - 5 throwing nets (quivered)
Armour
 c - a +0 helmet (worn)
 h - a +0 leather armour (worn)
 s - a +0 shield (worn)
 w - a +0 plate armour
Jewellery
 k - an uncursed amulet of magic regeneration
 n - a +3 ring of strength (left hand)
 v - an amulet of rage (around neck)
 x - an uncursed amulet of the gourmand
Wands
 t - a wand of iceblast (6)
Scrolls
 e - 2 scrolls of enchant armour
 j - a scroll of enchant weapon
 l - a scroll of immolation {unknown}
 m - a scroll of magic mapping {unknown}
 o - 2 scrolls of remove curse
 r - 2 scrolls of fog {unknown}
 z - 2 scrolls of amnesia {unknown}
 A - a scroll of teleportation {unknown}
Potions
 g - 3 potions of mutation
 i - a potion of curing
 p - a potion of berserk rage
 q - a potion of invisibility {unknown}
 u - a potion of degeneration {unknown}
Comestibles
 f - 10 rations


   Skills:
 - Level 2.0 Fighting
 + Level 9.6 Axes
 - Level 1.7 Throwing
 - Level 2.4 Dodging
 + Level 3.4 Evocations


You had 7 spell levels left.
You didn't know any spells.
Your spell library contained the following spells:

 Spells                   Type           Power        Failure   Level  Hunger
 Magic Dart               Conj           #...         96%         1    ##.....
 Summon Small Mammal      Summ           #...         96%         1    ##.....
 Blink                    Tloc           N/A          99%         2    ###....
 Call Imp                 Summ           #.......     99%         2    ###....
 Slow                     Hex            #.......     99%         2    ###....
 Call Canine Familiar     Summ           #.......     100%        3    ####...
 Conjure Flame            Conj/Fire      #.......     100%        3    ####...
 Mephitic Cloud           Conj/Pois/Air  #.......     100%        3    ####...
 Summon Guardian Golem    Hex/Summ       #.......     100%        3    ####...
 Summon Ice Beast         Ice/Summ       #.......     100%        4    #####..
 Summon Lightning Spire   Summ/Air       #.......     100%        4    #####..


Dungeon Overview and Level Annotations

Branches:
Dungeon (5/15)
 Temple: D:4-7

Altars:
Dithmenos
Fedhas
Nemelex Xobeh
Uskayaw
Xom


Innate Abilities, Weirdness & Mutations

You cannot wear boots.
Your serpentine skin is tough. (AC +2)
You have supernaturally acute eyesight. (SInv)
Armour fits poorly on your strangely shaped body.
Your system is resistant to poisons. (rPois)
You cover ground very slowly.
You have a slow metabolism.
You can spit poison.


Message History

You kill the jelly!
Items here: $ % ( ) [ a +0 hand axe; 6 stones; a +0 leather armour; 11 gold pieces; an orc corpse The orc drinks a potion.
The orc goes berserk!
You see here a stone.
Okay, then.
Put on which piece of jewellery? (? for menu, Esc to quit)
You're already wearing that object!
Put on which piece of jewellery? (? for menu, Esc to quit)
You remove your amulet of the gourmand.
You feel yourself speed up. The orc hits you with a +0 falchion!
v - an amulet of rage (around neck)
The orc hits you with a +0 falchion.
A red film seems to cover your vision as you go berserk!
You feel yourself moving faster!
You feel mighty!
You feel a lot less full. You block the orc's attack.
You closely miss the orc. The orc barely misses you.
You closely miss the orc. The orc hits you with a +0 falchion.
You die...

.....# #......####
...>#########......#######
......................>..#
....####..###...).........
....# ##.# #..###.######.
..#######.###..##.##.##
#.## .......##.#(###..#
#..# ......##.#(#...###
##.## ......##.##@##...##
#..# ##......#.#o)#.8.#
##.##
#.......###))8#..#..# #..#
#.......##..).......# ##.#
#..##...##..###..#..#
#.###.......#..#.# .#
#..###.###....#### #
##.###.# #..###
#..##.###....


You could see an orc (berserk).

Vanquished Creatures
  A dream sheep (shapeshifter) (D:3)
  Menkaure (D:4)
  An orc warrior (D:5)
  A phantom (D:3)
  A bullfrog (D:4)
  2 hounds
  A jelly (D:5)
  3 orc priests
  2 orc wizards
  A centaur skeleton (D:4)
  An iguana (D:3)
  5 worker ants
  A hound skeleton (D:5)
  4 gnolls
  6 adders
  An adder skeleton (D:5)
  3 worms
  2 dart slugs
  2 leopard geckos (D:3)
  17 orcs
  5 giant cockroaches
  10 goblins
  8 hobgoblins
  10 jackals
  11 kobolds
  A ball python (D:4)
  8 bats
  2 frilled lizards
  A quokka zombie (D:5)
  13 rats
125 creatures vanquished.

Notes
Turn   | Place    | Note
-------+----------+-------------------------------------------
     0 | D:1      | Duffy the Naga Gladiator began the quest for the Orb.
     0 | D:1      | Reached XP level 1. HP: 19/19 MP: 1/1
   455 | D:1      | Reached XP level 2. HP: 26/26 MP: 2/2
   846 | D:1      | Reached skill level 4 in Axes
   891 | D:1      | Reached XP level 3. HP: 32/32 MP: 3/3
  1542 | D:2      | Reached XP level 4. HP: 38/39 MP: 4/4
  1611 | D:2      | Reached skill level 5 in Axes
  2888 | D:3      | Reached XP level 5. HP: 45/45 MP: 5/5
  3462 | D:3      | Reached skill level 6 in Axes
  3686 | D:4      | Noticed Eustachio
  3940 | D:4      | HP: 1/45 [bullfrog (5)]
  3941 | D:4      | Reached XP level 6. HP: 2/52 MP: 6/6
  4236 | D:4      | Noticed a phantom
  4419 | D:4      | Got an ancient whip
  4420 | D:4      | Identified the +7 whip "Zatredi" {chaos, SInv} (You found
                  | it on level 4 of the Dungeon)
  4440 | D:3      | Noticed Eustachio
  4440 | D:3      | Eustachio changed into Eustachio the glowing shapeshifter
  4440 | D:3      | Noticed Eustachio
  4440 | D:3      | Eustachio the glowing shapeshifter changed into Eustachio
                  | the eye of devastation
  4445 | D:3      | Noticed Eustachio
  4445 | D:3      | Eustachio the eye of devastation changed into Eustachio the
                  | manticore
  4446 | D:3      | Noticed Eustachio
  4446 | D:3      | Eustachio the manticore changed into Eustachio the moth of
                  | wrath
  4447 | D:3      | Noticed Eustachio
  4447 | D:3      | Eustachio the moth of wrath changed into Eustachio the
                  | merfolk
  4448 | D:3      | Noticed Eustachio
  4448 | D:3      | Eustachio the merfolk changed into Eustachio the moth of
                  | wrath
  4449 | D:3      | Noticed Eustachio
  4449 | D:3      | Eustachio the moth of wrath changed into Eustachio the
                  | two-headed ogre
  4450 | D:3      | Noticed Eustachio
  4450 | D:3      | Eustachio the two-headed ogre changed into Eustachio the
                  | dream sheep
  4454 | D:3      | Killed Eustachio the dream sheep
  4454 | D:3      | Reached skill level 7 in Axes
  4454 | D:3      | Reached XP level 7. HP: 60/60 MP: 7/7
  4476 | D:3      | Reached skill level 8 in Axes
  4668 | D:4      | Found a shimmering altar of Xom.
  4668 | D:4      | Found a shimmering altar of Xom.
  4668 | D:4      | Found a shimmering altar of Xom.
  4668 | D:4      | Found a shimmering altar of Xom.
  4670 | D:4      | Found a shimmering altar of Xom.
  4670 | D:4      | Found a shimmering altar of Xom.
  4671 | D:4      | Found a shimmering altar of Xom.
  4671 | D:4      | Found a shimmering altar of Xom.
  4672 | D:4      | Found a shimmering altar of Xom.
  4712 | D:4      | Noticed Menkaure
  4721 | D:4      | Killed Menkaure
  5033 | D:4      | Found a shadowy altar of Dithmenos.
  5229 | D:4      | Found a sparkling altar of Nemelex Xobeh.
  5304 | D:4      | Reached skill level 9 in Axes
  5304 | D:4      | Reached skill level 1 in Evocations
  5325 | D:4      | Reached XP level 8. HP: 53/67 MP: 7/9
  5399 | D:4      | Found a hide-covered altar of Uskayaw.
  5471 | D:5      | Entered Level 5 of the Dungeon
  5509 | D:5      | Found a blossoming altar of Fedhas.
  6203 | D:5      | HP: 1/67 [orc/+0 falchion (3)]
  6206 | D:5      | Slain by an orc

Levels and vault maps discovered:
D:1:      dpeg_arrival_houses_and_road, layout_basic
D:2:      layout_basic, cheibrodos_gnoll_hut
D:3:      layout_rooms
D:4:      layout_rooms, grunt_dithmenos_smoke_and_mirrors, xom_redecorated,
          marbit_many_paths, nemelex_diamond_rough_becter, uniq_menkaure,
          uniq_eustachio
D:5:      gammafunk_wand_slinger, layout_basic, kennysheep_mini_moat,
          lemuel_crystal_altar, first_ration, guppyfry_early_orc_mine

Skill      XL: |  1  2  3  4  5  6  7  8 |
---------------+-------------------------+-----
Axes           | 4 5 6 7 9 |  9.6
Evocations     | 1 3 |  3.4
Fighting       | |  2.0
Throwing       | |  1.7
Dodging        | |  2.4

Action                   |  1- 3 |  4- 6 |  7- 9 || total
-------------------------+-------+-------+-------++-------
Melee: War axe           |    51 |   175 |    54 ||   280
       Whip              |       |    15 |    81 ||    96
Throw: Throwing net      |       |     1 |       ||     1
 Abil: Spit Poison       |    23 |    34 |     3 ||    60
       Evoke Berserk Rag |       |       |     2 ||     2
Evoke: Wand              |       |       |     1 ||     1
  Use: Scroll            |       |     6 |     1 ||     7
 Stab: Sleeping          |       |     1 |       ||     1
       Paralysed         |       |     1 |       ||     1
  Eat: Chunk             |     2 |    10 |    17 ||    29
Armor: Leather armour    |    26 |    65 |    25 ||   116
Dodge: Dodged            |    57 |    93 |    45 ||   195
Block: Shield            |       |    54 |    45 ||    99

Table legend:
 A = Non-vault XP
 B = Vault XP
 C = Vault XP percentage of total XP
 D = Non-vault monster count
 E = Vault monster count
 F = Vault count percentage of total count
                 A         B        C        D         E       F
            +---------+---------+-------+---------+---------+-------
      Total |    1036 |     659 |  38.9 |     114 |      11 |   8.8
            +---------+---------+-------+---------+---------+-------
        D:1 |      44 |       4 |   8.3 |      26 |       2 |   7.1
        D:2 |      79 |      15 |  16.0 |      24 |       1 |   4.0
        D:3 |     243 |     243 |  50.0 |      27 |       1 |   3.6
        D:4 |     508 |     172 |  25.3 |      25 |       1 |   3.8
        D:5 |     162 |     225 |  58.1 |      12 |       6 |  33.3
            +---------+---------+-------+---------+---------+-------
